 Dungeon Crawl Stone Soup version 0.31-a0-523-g071a6c1ffa (webtiles) character file.

Game seed: 3217822700274562105

1756 ytrimaz the Changeling (level 9, -5/53 HPs)
             Began as an Octopode Shapeshifter on Aug 11, 2023.
             Slain by an ice beast (12 damage)
             ... on level 6 of the Dungeon.
             The game lasted 00:05:33 (5052 turns).

ytrimaz the Changeling (Octopode Shapeshifter)      Turns: 5052, Time: 00:05:34

Health: -5/53      AC:  1    Str: 20    XL:     9   Next: 6%
Magic:  9/9        EV: 15    Int: 20    God:
Gold:   327        SH:  0    Dex: 14    Spells: 8/8 levels left

rFire   . .          .
                       - Unarmed
rCold   . . .        (no shield)
rNeg    . . .        (helmet currently unavailable)
rPois   .            m - amulet "Izoxzaufi" {Regen+ Str+3 Int+4}
rElec   .            g - +6 ring of intelligence
rCorr   +            e - ring of resist corrosion
SInv    .            (no ring)
Will    .....        (no ring)
Stlth   ++           (no ring)
HPRegen 1.08/turn    (no ring)
MPRegen 0.11/turn    (no ring)
                     (no ring)

%: no passive effects
@: beast-form, slowed, very slow
A: beast (slay +4), almost no armour, amphibious, 8 rings, camouflage 1,
gelatinous body 1, (nimble swimmer 1), tentacles
a: Begin Untransformation


You were on level 6 of the Dungeon.
You were a hulking beast.
You visited 2 branches of the dungeon, and saw 7 of its levels.

You collected 327 gold pieces.


Innate Abilities, Weirdness & Mutations

You are a hulking beast.
Your limbs bulge with bestial killing power. (Slay +4)
You cannot wear most types of armour.
You are amphibious.
You can wear up to eight rings at the same time.
Your skin changes colour to match your surroundings (Stealth+).
Your rubbery body absorbs attacks. (AC +1, EV +1)
((You are camouflaged when in or above water. (Stealth+)))
You have tentacles for arms and can constrict up to eight enemies at once.


   Skills:
 - Level 1.0 Fighting
 + Level 5.9 Dodging
 + Level 6.3 Unarmed Combat
 * Level 7.4 Shapeshifting


You had 8 spell levels left.
You didn't know any spells.
Your spell library contained the following spells:

 Spells                   Type           Power      Damage    Failure   Level
 Apportation              Tloc           0%         N/A       19%         1
 Magic Dart               Conj           0%         1d3       19%         1
 Necrotise                Necr           0%         1d4       19%         1
 Summon Small Mammal      Summ           0%         N/A       19%         1
 Call Imp                 Summ           0%         N/A       28%         2
 Ensorcelled Hibernation  Hex/Ice        0%         N/A       28%         2
 Passwall                 Tmut/Erth      0%         N/A       28%         2
 Mephitic Cloud           Conj/Pois/Air  0%         N/A       50%         3
 Swiftness                Air            0%         N/A       50%         3

Inventory:

Jewellery
 e - a ring of resist corrosion (right tentacle)
   (You found it on level 4 of the Dungeon)
 g - a +6 ring of intelligence (left tentacle)
   (You found it on level 2 of the Dungeon)
 l - an amulet of reflection
   (You found it on level 2 of the Dungeon)
 m - the amulet "Izoxzaufi" (around mantle) {Regen+ Str+3 Int+4}
   (You found it on level 2 of the Dungeon)

   [amulet of regeneration]

   Str+3:     It affects your strength (+3).
   Int+4:     It affects your intelligence (+4).
   Regen+:    It increases your rate of health regeneration.
Talismans
 b - a beast talisman (active)
 c - a flux talisman
 i - a maw talisman
   (You found it on level 1 of the Dungeon)
Wands
 d - a wand of flame (22)
   (You found it on level 5 of the Dungeon)
 p - a wand of polymorph (7)
   (You took it off Natasha on level 2 of the Dungeon)
Scrolls
 f - a scroll of enchant armour
 j - a scroll of amnesia
 k - 3 scrolls of revelation
 n - 2 scrolls of teleportation
Potions
 a - 3 potions of lignification
 h - 3 potions of brilliance
 o - 3 potions of resistance {unknown}
 q - a potion of ambrosia {unknown}
 r - 2 potions of might {unknown}
 s - a potion of mutation {unknown}
 t - 2 potions of heal wounds {unknown}
 v - a potion of magic
 x - a potion of degeneration {unknown}

Dungeon Overview and Level Annotations

Branches:
Dungeon (6/15) Zot: 26517  Temple (1/1) D:5 Zot: 5996

Altars:
Ashenzari
Cheibriados
Dithmenos
Gozag
Makhleb
Nemelex Xobeh
Qazlal
Ru
Sif Muna
Trog
Vehumet
Wu Jian
Xom
Yredelemnul
The Shining One

## # ...# .#.### ###
.._..# #.## ##.#.#.#
...###############......#
............(...hY......#
....)...####.#.###..:..##
......................##
..###..†..####.##.##?.#
.......(...# #.#.#.#..#
..###......# #..# #...#
..# ##...#.# #(## #...
#.# ##.##.# .## #.## #.#
#.##.### .#


You could see an ice beast.


Message History

Unknown command.
Your transformation has ended.
You turn into a tree.
Your roots penetrate the ground.
The wraith hits you but does no damage. 😨 HP[+10]
You now have 72 max hp (+24).
You regained 10 hp, and now have 26/72 hp.
Unknown command.
You hit the wraith but do no damage. Your punch misses the wraith.
The wraith hits you but does no damage. 😨 HP[+2]
You regained 2 hp, and now have 28/72 hp.
Unknown command.
You barely miss the wraith.
The wraith hits you but does no damage. x2 😨 HP[+1]
You completely miss the wraith.
The wraith hits you but does no damage. 😨 HP[+2]
You regained 2 hp, and now have 31/72 hp.
You smack the wraith!
You punch the wraith, but do no damage.
The wraith hits you but does no damage. 😨 HP[+1] Unknown command.
You hit the wraith but do no damage. The wraith hits you but does no damage.
The wraith hits you!
* * * LOW HITPOINT WARNING * * *
The wraith drains your vigour!
You feel as though you will be slow longer. 😨 HP[-7]
You take 7 damage, and now have 25/72 hp.
You barely miss the wraith.
The wraith hits you but does no damage. 😨 HP[+1]
You closely miss the wraith. The wraith hits you!
* * * LOW HITPOINT WARNING * * *
The wraith drains your vigour!
You feel as though you will be slow longer.
Unknown command. 😨 HP[-7]
You take 7 damage, and now have 19/72 hp.
You completely miss the wraith.
The wraith hits you but does no damage. x2 😨 HP[+1] Unknown command.
You barely miss the wraith.
The wraith hits you but does no damage. 😨 HP[+2]
You regained 2 hp, and now have 22/72 hp.
You hit the wraith.
The wraith hits you but does no damage. 😨 HP[+1] Unknown command.
You barely miss the wraith. The wraith hits you.
* * * LOW HITPOINT WARNING * * *
The wraith hits you but does no damage. 😨 HP[-3]
You take 3 damage, and now have 20/72 hp.
You hit the wraith but do no damage.
Your transformation is almost over.
The wraith hits you.
* * * LOW HITPOINT WARNING * * *
😱 HP[-2]
You take 2 damage, and now have 18/72 hp.
You smack the wraith!
You destroy the wraith!
You have reached level 9!
Your experience leads to an increase in your attributes!
Your base attributes are Str 15, Int 10, Dex 14.
Increase (S)trength, (I)ntelligence, or (D)exterity?
You feel stronger. x2 😨 HP[+4] MP[+1]
You now have 79 max hp (+7).
You regained 4 hp, and now have 22/79 hp.
Your mp is fully restored (9).
You smack the ice beast!
The ice beast hits you but does no damage. x2 😨 HP[+1]
You barely miss the ice beast.
The ice beast hits you but does no damage. 😨 HP[+2]
You regained 2 hp, and now have 25/79 hp.
You barely miss the ice beast.
The ice beast barely misses you. 😨 HP[+1] Unknown command.
You hit the ice beast.
The ice beast hits you but does no damage.
The ice beast hits you.
* * * LOW HITPOINT WARNING * * *
The ice beast freezes you!
* * * LOW HITPOINT WARNING * * *
😱 HP[-8]
You take 8 damage, and now have 18/79 hp.
You completely miss the ice beast. The ice beast hits you.
* * * LOW HITPOINT WARNING * * *
The ice beast freezes you!
* * * LOW HITPOINT WARNING * * *
😱 HP[-8]
You take 8 damage, and now have 10/79 hp.
Unknown command.
You hit the ice beast but do no damage.
You feel less wooden.
You turn into a hulking beast.
The ice beast hits you.
* * * LOW HITPOINT WARNING * * *
The ice beast freezes you!
You die...

Skill      XL: |  1  2  3  4  5  6  7  8 |
---------------+-------------------------+-----
Dodging        | 3 4 5 |  5.9
Shapeshifting  | 4 5 6 7 |  7.4
Unarmed Combat | 4 5 6 |  6.3
Fighting       | |  1.0

Action                     |  1- 3 |  4- 6 |  7- 9 || total
---------------------------+-------+-------+-------++-------
  Melee: Unarmed           |    38 |   114 |   129 ||   281
         Constrict         |     8 |    31 |    18 ||    57
         Tentacles         |     6 |    22 |    22 ||    50
         Punch             |     3 |     7 |     5 ||    15
  Evoke: Wand              |       |       |     2 ||     2
    Use: Scroll            |     3 |     4 |     2 ||     9
         Potion            |       |       |     6 ||     6
   Stab: Sleeping          |     6 |     8 |     6 ||    20
         Distracted        |       |     1 |     2 ||     3
 Armour: Skin              |     4 |     5 |    36 ||    45
  Dodge: Dodged            |    14 |    68 |    52 ||   134
  Block: Other             |       |     2 |       ||     2

Levels and vault maps discovered:
D:1:      wander_arrival_desolate, layout_basic
D:2:      layout_loops_cross, basic_ecumenical_altar, minmay_misc_feat_chi,
          minmay_tetromino_s2, uniq_natasha, uniq_terence
D:3:      cheibrodos_helix_gallery, layout_basic, mainiacjoe_overflow_swirl,
          nicolae_dithmenos_through_a_glass_darkly
D:4:      layout_loops_corners, grunt_qazlal_clouds, kennysheep_generic_room_3
D:5:      layout_basic, pf_just_have_faith, lemuel_temple_firewalk_b,
          uniq_menkaure
D:6:      layout_loops_ring, ashenzari_altar_1, chequers_serial_rivers_small_3,
          minmay_misc_feat_hallway, uniq_eustachio
Temple:   compressed_dpeg_triangle_lava_temple

Notes
Turn   | Place    | Note
-------+----------+-------------------------------------------
     0 | D:1      | ytrimaz the Octopode Shapeshifter began the quest for the
                  | Orb.
     0 | D:1      | Reached XP level 1. HP: 13/13 MP: 1/1
     0 | D:1      | magus.rc [v1.9.6]
   342 | D:1      | You fall into a shaft and drop 1 floor!
   365 | D:2      | Reached XP level 2. HP: 18/18 MP: 2/2
   439 | D:2      | Noticed Natasha
   445 | D:2      | Killed Natasha
   446 | D:2      | Reached XP level 3. HP: 13/23 MP: 3/3
   973 | D:1      | You pick up a book of Cantrips and begin reading...
   973 | D:1      | You add the spells Necrotise, Summon Small Mammal and
                  | Apportation to your library.
  1183 | D:2      | Found a faded altar of an unknown god.
  1205 | D:2      | Reached XP level 4. HP: 21/28 MP: 4/4
  1532 | D:2      | Noticed Natasha
  1538 | D:2      | Killed Natasha
  1617 | D:2      | Identified the amulet "Izoxzaufi" {Regen+ Str+3 Int+4}
  1743 | D:2      | Noticed Terence
  1752 | D:2      | HP: 6/28 [Terence/+0 hand axe (6)]
  1753 | D:2      | Killed Terence
  1754 | D:2      | Reached skill level 3 in Dodging
  1754 | D:2      | Reached skill level 4 in Shapeshifting
  1754 | D:2      | Reached XP level 5. HP: 8/33 MP: 5/5
  1818 | D:2      | Noticed Natasha
  1962 | D:2      | Killed Natasha
  2201 | D:3      | You pick up a book of Minor Magic and begin reading...
  2201 | D:3      | You add the spells Magic Dart, Call Imp and Mephitic Cloud
                  | to your library.
  2295 | D:3      | Reached skill level 4 in Unarmed Combat
  2600 | D:3      | Found a shadowy altar of Dithmenos.
  2685 | D:3      | Found a sacrificial altar of Ru.
  2694 | D:3      | Found a sparkling altar of Nemelex Xobeh.
  2904 | D:4      | Reached XP level 6. HP: 37/38 MP: 6/6
  2963 | D:4      | Found a stormy altar of Qazlal.
  3298 | D:4      | Reached skill level 5 in Shapeshifting
  3308 | D:4      | Reached skill level 4 in Dodging
  3308 | D:4      | Reached XP level 7. HP: 40/43 MP: 7/7
  3480 | D:4      | HP: 9/43 [gnoll/+0 club (4)]
  3789 | D:5      | Entered Level 5 of the Dungeon
  3868 | D:5      | HP: 2/43 [ogre/+0 giant spiked club (17)]
  3975 | D:5      | Reached skill level 5 in Unarmed Combat
  4050 | D:5      | Reached skill level 6 in Shapeshifting
  4050 | D:5      | Reached XP level 8. HP: 40/48 MP: 8/8
  4087 | D:5      | Noticed Menkaure
  4096 | D:5      | Killed Menkaure
  4189 | D:5      | You pick up a book of Burglary and begin reading...
  4189 | D:5      | You add the spells Passwall, Ensorcelled Hibernation and
                  | Swiftness to your library.
  4250 | D:5      | Found a staircase to the Ecumenical Temple.
  4259 | Temple   | Entered the Ecumenical Temple
  4532 | D:5      | Found a bloodstained altar of Trog.
  4584 | D:6      | Reached skill level 5 in Dodging
  4710 | D:6      | Noticed Eustachio
  4731 | D:6      | Killed Eustachio
  4732 | D:6      | Reached skill level 6 in Unarmed Combat
  4732 | D:6      | Reached skill level 7 in Shapeshifting
  5025 | D:6      | Noticed a wraith
  5026 | D:6      | Found a broken altar of Ashenzari.
  5045 | D:6      | HP: 18/72 [wraith (3)]
  5046 | D:6      | Killed a wraith
  5047 | D:6      | Reached XP level 9. HP: 22/53 MP: 9/9
  5050 | D:6      | HP: 18/79 [ice beast (8)]
  5052 | D:6      | HP: 7/53 [ice beast (1)]
  5052 | D:6      | Slain by an ice beast

Vanquished Creatures
  A wraith (D:6)
  Eustachio (D:6)
  Menkaure (D:5)
  A sky beast (D:6)
  2 ogres
  2 kobold brigands
  3 scorpions
  3 jellies
  5 hounds
  2 orc priests
  2 iguanas
  Terence (D:2)
  2 orc wizards (D:4)
  A sleepcap (D:4)
  Natasha (thrice) (D:2)
  3 gnolls (D:4)
  6 adders
  A shadow imp (D:5)
  A white imp (D:5)
  An ufetubus (D:6)
  A worm (D:3)
  2 dart slugs
  22 orcs
  A bat (D:3)
  4 endoplasms
  3 giant cockroaches
  3 goblins
  9 hobgoblins
  11 jackals
  6 quokkas
  8 ball pythons
  3 frilled lizards
  11 kobolds
  5 rats
131 creatures vanquished.

Table legend:
 A = Non-vault XP
 B = Vault XP
 C = Vault XP percentage of total XP
 D = Non-vault monster count
 E = Vault monster count
 F = Vault count percentage of total count
                 A         B        C        D         E       F
            +---------+---------+-------+---------+---------+-------
      Total |    2047 |     462 |  18.4 |     123 |       8 |   6.1
            +---------+---------+-------+---------+---------+-------
        D:1 |      27 |       0 |   0.0 |      17 |       0 |   0.0
        D:2 |     107 |      75 |  41.2 |      15 |       4 |  21.1
        D:3 |      96 |       4 |   4.0 |      23 |       2 |   8.0
        D:4 |     467 |       0 |   0.0 |      33 |       0 |   0.0
        D:5 |     449 |     172 |  27.7 |      12 |       1 |   7.7
        D:6 |     901 |     211 |  19.0 |      23 |       1 |   4.2
            +---------+---------+-------+---------+---------+-------

Skill      XL: |  1  2  3  4  5  6  7  8 |
---------------+-------------------------+-----
Dodging        | 3 4 5 |  5.9
Shapeshifting  | 4 5 6 7 |  7.4
Unarmed Combat | 4 5 6 |  6.3
Fighting       | |  1.0

Action                     |  1- 3 |  4- 6 |  7- 9 || total
---------------------------+-------+-------+-------++-------
  Melee: Unarmed           |    38 |   114 |   129 ||   281
         Constrict         |     8 |    31 |    18 ||    57
         Tentacles         |     6 |    22 |    22 ||    50
         Punch             |     3 |     7 |     5 ||    15
  Evoke: Wand              |       |       |     2 ||     2
    Use: Scroll            |     3 |     4 |     2 ||     9
         Potion            |       |       |     6 ||     6
   Stab: Sleeping          |     6 |     8 |     6 ||    20
         Distracted        |       |     1 |     2 ||     3
 Armour: Skin              |     4 |     5 |    36 ||    45
  Dodge: Dodged            |    14 |    68 |    52 ||   134
  Block: Other             |       |     2 |       ||     2

Illustrated notes

Table legend:
 A = Kills in this place as a percentage of kills in the entire game.
 B = Kills by you in this place as a percentage of kills by you in the entire game.
 C = Kills by friends in this place as a percentage of kills by friends in the entire game.
 D = Other kills in this place as a percentage of other kills in the entire game.
 E = Experience gained in this place as a percentage of experience gained in the entire game.
 F = Experience gained in this place divided by the number of levels of this place that you have seen.
                   A       B       C       D       E      F
               +-------+-------+-------+-------+-------+----------------------
         Total | 100.0 | 100.0 |   N/A |   N/A | 100.0 | 358.4
       Dungeon | 100.0 | 100.0 |   N/A |   N/A | 100.0 | 418.2
               +-------+-------+-------+-------+-------+----------------------

Table legend: (Time is in decaauts)
 A = Elapsed time spent in this place.
 B = Non-inter-level travel time spent in this place.
 C = Inter-level travel time spent in this place.
 D = Time resting spent in this place.
 E = Time spent auto-exploring this place.
 F = Levels seen in this place.
 G = Mean time per level.
                   A        B        C        D        E       F      G
               +--------+--------+--------+--------+--------+-----+--------+
         Total |   5028 |   4911 |    117 |    247 |   3762 |   7 |  718.3 |
       Dungeon |   5024 |   4908 |    116 |    247 |   3762 |   6 |  837.3 |
        Temple |      3 |      2 |      1 |      0 |      0 |   1 |    3.0 |
               +--------+--------+--------+--------+--------+-----+--------+

Top non-repeatable levels by time:
     D:1: 1177 daAuts
     D:4: 920 daAuts
     D:2: 879 daAuts
     D:3: 788 daAuts
     D:5: 777 daAuts
     D:6: 481 daAuts
  Temple: 3 daAuts
